 Dungeon Crawl Stone Soup version 0.25-a0-697-g890751e744 (webtiles) character file.

Game seed: 4735630051619784897, levelgen mode: deterministic

157 Glundar the Skirmisher (level 5, -6/47 HPs)
             Began as a Gnoll Wanderer on Apr 1, 2020.
             Mangled by Menkaure (9 damage)
             ... on level 4 of the Dungeon.
             The game lasted 00:12:51 (4021 turns).

Glundar the Skirmisher (Gnoll Wanderer)             Turns: 4021, Time: 00:12:51

Health: -6/47      AC: 12    Str: 17    XL:     5   Next: 38%
Magic:  18/18      EV:  1    Int: 17    God:
Gold:   171        SH: 12    Dex: 14    Spells: 10/10 levels left

rFire    . . .     SeeInvis .   x - +1 spear (venom)
rCold    + . .     Gourm    .   v - +0 tower shield
rNeg     + + .     Faith    .   j - +0 plate armour
rPois    +         Spirit   .   y - +1 helmet of Seux Wack {rPois rN++ Int+4}
rElec    .         Reflect  .   (no cloak)
rCorr    .         Harm     .   (no gloves)
MR       .....                  (no boots)
Stlth    ..........             n - amulet of regeneration
HPRegen  0.55/turn              l - ring of protection from cold
MPRegen  0.16/turn              d - ring of magical power

@: no status effects
A: distributed training, fangs 1, strong nose
a: no special abilities


You were on level 4 of the Dungeon.
You were not hungry.

You visited 1 branch of the dungeon, and saw 4 of its levels.

You collected 171 gold pieces.

Inventory:

Hand Weapons
 a - a +2 short sword
 b - a +0 hunting sling
 w - a +2 vampiric dagger
 x - a +1 spear of venom (weapon)
Missiles
 i - 145 stones (quivered)
 p - 12 sling bullets
 r - 20 poisoned darts
Armour
 j - a +0 plate armour (worn)
 v - a +0 tower shield (worn)
 y - the +1 helmet of Seux Wack (worn) {rPois rN++ Int+4}
   (You took it off Robin on level 3 of the Dungeon)

   It affects your intelligence (+4).
   It protects you from poison.
   It greatly protects you from negative energy.
Jewellery
 d - a ring of magical power (right hand)
 l - a ring of protection from cold (left hand)
 n - an amulet of regeneration (around neck)
Wands
 s - a wand of enslavement (5)
Scrolls
 g - a scroll of magic mapping {unknown}
 h - 9 scrolls of identify {unknown}
 k - 2 scrolls of fog {unknown}
 m - 3 scrolls of remove curse {unknown}
 o - a scroll of enchant weapon {unknown}
 q - a scroll of immolation {unknown}
 t - a scroll of enchant armour {unknown}
Potions
 c - 2 potions of curing
 e - a potion of stabbing {unknown}
Comestibles
 f - 11 rations


   Skills:
 + Level 6.7 Fighting
 + Level 2.9 Short Blades
 + Level 1.4 Long Blades
 + Level 1.4 Axes
 + Level 1.4 Maces & Flails
 + Level 1.4 Polearms
 + Level 1.4 Staves
 + Level 1.4 Slings
 + Level 1.4 Bows
 + Level 1.4 Crossbows
 + Level 2.9 Throwing
 + Level 1.4 Armour
 + Level 2.9 Dodging
 + Level 1.4 Stealth
 + Level 1.4 Shields
 + Level 1.4 Unarmed Combat
 + Level 3.1 Spellcasting
 + Level 1.1 Conjurations
 + Level 1.1 Hexes
 + Level 1.1 Charms
 + Level 3.9 Summonings
 + Level 1.1 Necromancy
 + Level 1.1 Translocations
 + Level 1.1 Transmutations
 + Level 1.1 Fire Magic
 + Level 1.1 Ice Magic
 + Level 1.1 Air Magic
 + Level 1.1 Earth Magic
 + Level 1.1 Poison Magic
 + Level 1.6 Invocations
 + Level 2.9 Evocations


You had 10 spell levels left.
You didn't know any spells.
Your spell library was empty.

Dungeon Overview and Level Annotations

Branches:
Dungeon (4/15)
 Temple: D:4-7

Altars:
Hepliaklqana

Annotations:
D:4 Menkaure


Innate Abilities, Weirdness & Mutations

Your experience applies equally to all skills.
You have very sharp teeth.
Your uncanny sense of smell can sniff out nearby items.


Message History

You hit Menkaure but do no damage. Your bite misses Menkaure.
Menkaure is moderately damaged.
Menkaure hits you!
You hit Menkaure.
Menkaure is heavily damaged.
You block Menkaure's attack. Menkaure hits you.
You are too injured to fight recklessly!
You are too injured to fight recklessly!
You feel better. Menkaure completely misses you.
You hit Menkaure but do no damage.
Menkaure is heavily damaged.
You block Menkaure's attack.
You hit Menkaure. You bite Menkaure, but do no damage.
Menkaure is severely damaged.
Menkaure hits you! Menkaure hits you!!
* * * LOW HITPOINT WARNING * * *
You hit Menkaure but do no damage.
Menkaure is severely damaged.
Menkaure hits you!
You die...

#.# #.#
#.# #.#
#.# #.#
####.####
∆
#.......#
#.##.M@<#
#.#####.#
#.##....#
#.##.####
∆ #.##.#
#.##.#
#.##.#
#.##.#
#.##.#


You could see Menkaure.

Vanquished Creatures
  Robin (D:3)
  4 adders
  An ooze (D:1)
  3 worms
  2 dart slugs
  A leopard gecko (D:1)
  An orc (D:3)
  4 giant cockroaches (D:2)
  23 goblins
  11 hobgoblins
  13 jackals
  A quokka (D:3)
  A ball python (D:3)
  6 bats
  A frilled lizard (D:2)
  6 kobolds
  6 rats
85 creatures vanquished.

Notes
Turn   | Place    | Note
-------+----------+-------------------------------------------
     0 | D:1      | Glundar the Gnoll Wanderer began the quest for the Orb.
     0 | D:1      | Glundar set off with the following items: a +2 short sword,
                  | a +0 falchion, a potion of curing, a +0 robe, a ration
     0 | D:1      | Reached XP level 1. HP: 23/23 MP: 4/4
   310 | D:1      | Reached XP level 2. HP: 24/29 MP: 5/5
  1156 | D:2      | Reached XP level 3. HP: 15/35 MP: 7/7
  1533 | D:2      | Found a faded altar of an unknown god,
  1613 | D:2      | Reached skill level 1 in Invocations
  1848 | D:2      | Found a hazy altar of Hepliaklqana,
  1891 | D:2      | Reached skill level 1 in Long Blades
  1891 | D:2      | Reached skill level 1 in Axes
  1891 | D:2      | Reached skill level 1 in Maces & Flails
  1891 | D:2      | Reached skill level 1 in Polearms
  1891 | D:2      | Reached skill level 1 in Staves
  1891 | D:2      | Reached skill level 1 in Slings
  1891 | D:2      | Reached skill level 1 in Bows
  1891 | D:2      | Reached skill level 1 in Crossbows
  1891 | D:2      | Reached skill level 1 in Armour
  1891 | D:2      | Reached skill level 1 in Stealth
  1891 | D:2      | Reached skill level 1 in Shields
  1891 | D:2      | Reached skill level 1 in Unarmed Combat
  1908 | D:2      | Reached XP level 4. HP: 41/41 MP: 8/8
  2856 | D:3      | Reached skill level 1 in Conjurations
  2856 | D:3      | Reached skill level 1 in Hexes
  2856 | D:3      | Reached skill level 1 in Charms
  2856 | D:3      | Reached skill level 1 in Necromancy
  2856 | D:3      | Reached skill level 1 in Translocations
  2856 | D:3      | Reached skill level 1 in Transmutations
  2856 | D:3      | Reached skill level 1 in Fire Magic
  2856 | D:3      | Reached skill level 1 in Ice Magic
  2856 | D:3      | Reached skill level 1 in Air Magic
  2856 | D:3      | Reached skill level 1 in Earth Magic
  2856 | D:3      | Reached skill level 1 in Poison Magic
  2869 | D:3      | Identified the +1 helmet of Seux Wack {rPois rN++ Int+4}
  2869 | D:3      | Noticed Robin
  2890 | D:3      | Killed Robin
  2890 | D:3      | Reached XP level 5. HP: 20/47 MP: 9/9
  3972 | D:4      | Noticed Menkaure
  4020 | D:4      | HP: 2/47 [Menkaure (18)]
  4021 | D:4      | Mangled by Menkaure

Levels and vault maps discovered:
D:1:      minmay_arrival_four_loops, layout_basic
D:2:      minmay_door_path, layout_basic, lemuel_doored_altar,
          chequers_ecumenical_altar_simple
D:3:      layout_basic, minmay_unequal, uniq_robin
D:4:      layout_basic, uniq_menkaure, uniq_eustachio, uniq_blork_the_orc

Skill      XL: |  1  2  3  4 |
---------------+-------------+-----
Invocations    | 1 |  1.6
Long Blades    | 1 |  1.4
Axes           | 1 |  1.4
Maces & Flails | 1 |  1.4
Polearms       | 1 |  1.4
Staves         | 1 |  1.4
Slings         | 1 |  1.4
Bows           | 1 |  1.4
Crossbows      | 1 |  1.4
Armour         | 1 |  1.4
Stealth        | 1 |  1.4
Shields        | 1 |  1.4
Unarmed Combat | 1 |  1.4
Spellcasting   | 3 |  3.1
Conjurations   | 1 |  1.1
Hexes          | 1 |  1.1
Charms         | 1 |  1.1
Necromancy     | 1 |  1.1
Translocations | 1 |  1.1
Transmutations | 1 |  1.1
Fire Magic     | 1 |  1.1
Ice Magic      | 1 |  1.1
Air Magic      | 1 |  1.1
Earth Magic    | 1 |  1.1
Poison Magic   | 1 |  1.1
Fighting       | |  6.7
Short Blades   | |  2.9
Throwing       | |  2.9
Dodging        | |  2.9
Summonings     | |  3.9
Evocations     | |  2.9

Action                   |  1- 3 |  4- 6 || total
-------------------------+-------+-------++-------
Melee: Short sword       |    86 |    68 ||   154
       Bite              |     9 |    17 ||    26
       Spear             |       |    75 ||    75
 Fire: Hunting sling     |       |    14 ||    14
  Use: Potion            |       |     1 ||     1
 Stab: Sleeping          |     1 |     2 ||     3
  Eat: Chunk             |     3 |     7 ||    10
Armor: Robe              |    25 |     5 ||    30
       Plate armour      |       |    29 ||    29
Dodge: Dodged            |    78 |    15 ||    93
Block: Tower shield      |       |    55 ||    55

Table legend:
 A = Non-vault XP
 B = Vault XP
 C = Vault XP percentage of total XP
 D = Non-vault monster count
 E = Vault monster count
 F = Vault count percentage of total count
                 A         B        C        D         E       F
            +---------+---------+-------+---------+---------+-------
      Total |     169 |      56 |  24.9 |      66 |      19 |  22.4
            +---------+---------+-------+---------+---------+-------
        D:1 |      31 |       0 |   0.0 |      14 |       0 |   0.0
        D:2 |      61 |       9 |  12.9 |      22 |       3 |  12.0
        D:3 |      77 |      47 |  37.9 |      30 |      16 |  34.8
            +---------+---------+-------+---------+---------+-------
